 Dungeon Crawl Stone Soup version 0.22-a0-570-g58866f5 (webtiles) character file.

34 iamserjio the Shield-Bearer (level 3, 0/23 HPs)
             Began as a Gargoyle Fighter on June 30, 2018.
             Slain by Crazy Yiuf
             ... wielding a +4 quarterstaff of chaos
              (2 damage)
             ... on level 3 of the Dungeon.
             The game lasted 00:02:55 (492 turns).

iamserjio the Shield-Bearer (Gargoyle Fighter)       Turns: 492, Time: 00:02:55

Health: 0/23       AC: 10    Str: 19    XL:     3   Next: 31%
Magic:  3/3        EV:  7    Int:  8    God:
Gold:   42         SH:  9    Dex:  8    Spells: 2/2 levels left

rFire    . . .     SeeInvis .   a - +0 war axe
rCold    . . .     Gourm    .   c - +0 shield
rNeg     + + .     Faith    .   b - +0 scale mail
rPois    ∞         Spirit   .   (no helmet)
rElec    +         Reflect  .   (no cloak)
rCorr    .         Harm     .   (no gloves)
MR       .....                  (no boots)
Stlth    ..........             (no amulet)
HPRegen  0.07/turn              e - ring of positive energy
MPRegen  0.08/turn              k - -2 ring of dexterity (curse)

@: very slightly contaminated, invisible
A: negative energy resistance 1, electricity resistance, unbreathing,
petrification resistance, rot immunity, AC +3
a: no special abilities


You were on level 3 of the Dungeon.
You were not hungry.

You visited 1 branch of the dungeon, and saw 4 of its levels.

You collected 42 gold pieces.

Inventory:

Hand Weapons
 a - a +0 war axe (weapon)
 j - a +2 mace of protection
Armour
 b - a +0 scale mail (worn)
 c - a +0 shield (worn)
 d - a +0 helmet
Jewellery
 e - a ring of positive energy (left hand)
 k - a cursed -2 ring of dexterity (right hand)
Scrolls
 g - a scroll of remove curse {unknown}
 i - a scroll of noise {unknown}
Potions
 h - 2 potions of haste {unknown}
Comestibles
 f - 3 rations


   Skills:
 + Level 3.5 Fighting
 * Level 2.4 Axes
 + Level 3.5 Armour
 * Level 3.8 Shields


You had 2 spell levels left.
You didn't know any spells.
Your spell library was empty.

Dungeon Overview and Level Annotations

Branches:
Dungeon (4/15)
 Temple: D:4-7

Altars:

Annotations:
D:3 Crazy Yiuf


Innate Abilities, Weirdness & Mutations

You are resistant to torment.
Your stone body is resilient. (AC +3)
You are immune to poison.
You resist negative energy. (rN+)
You are resistant to electric shocks. (rElec)
You can survive without breathing.
You are immune to petrification.
You are immune to rotting.


Message History

Crazy Yiuf hits you with a quarterstaff of chaos.
Crazy Yiuf freezes you.
* * * LOW HITPOINT WARNING * * *
You hit Crazy Yiuf but do no damage.
Crazy Yiuf is moderately wounded.
You block Crazy Yiuf's attack.
You catch the helpless Crazy Yiuf completely off-guard!
You hit Crazy Yiuf but do no damage.
Crazy Yiuf is moderately wounded.
You hit Crazy Yiuf but do no damage.
Crazy Yiuf is moderately wounded.
Crazy Yiuf says, "Two sing-song arm!"
Crazy Yiuf barely misses you.
You closely miss Crazy Yiuf.
Crazy Yiuf is moderately wounded.
Crazy Yiuf whimpers, "Powder!"
Crazy Yiuf hits you with a quarterstaff of chaos.
* * * LOW HITPOINT WARNING * * *
Crazy Yiuf freezes you.
You die...

#....#
♣....♣
♣♣...♣
♣♣.♣♣
♣♣.♣
♣.♣♣
♣♣.♣
♣.♣♣
#@#
#.g.#
#...#
#)..#
#####


You could see Crazy Yiuf.

Vanquished Creatures
  Robin (D:3)
  An ooze (D:1)
  2 bats (D:1)
  6 goblins
  6 hobgoblins
  A frilled lizard (D:1)
  A kobold (D:1)
  A rat (D:1)
19 creatures vanquished.

Notes
Turn   | Place    | Note
-------+----------+-------------------------------------------
     0 | D:1      | iamserjio the Gargoyle Fighter began the quest for the Orb.
     0 | D:1      | Reached XP level 1. HP: 14/14 MP: 1/1
   125 | D:1      | Reached XP level 2. HP: 17/19 MP: 2/2
   364 | D:3      | Noticed Robin
   374 | D:3      | Killed Robin
   374 | D:3      | Reached XP level 3. HP: 17/23 MP: 3/3
   480 | D:3      | Found a runed door.
   484 | D:3      | Noticed Crazy Yiuf
   492 | D:3      | Slain by Crazy Yiuf

Vault maps used:
D:1:      dpeg_arrival_stone_temple_mockup, kennysheep_nondescript
D:2:      grunt_gozag_statues, lemuel_coloured_pillars_altar,
          nicolae_dithmenos_shadow_blocks, first_ration
D:3:      lemuel_doored_altar, minmay_misc_feat_roman, uniq_robin,
          uniq_crazy_yiuf_cottage
D:4:      lemuel_temple_firewalk_b

Skill      XL: |  1 |
---------------+----+-----
Axes           | 2 |  2.4
Fighting       | |  3.5
Armour         | |  3.5
Shields        | |  3.8

Action                   || total
-------------------------++-------
Melee: War axe           ||    71
  Use: Potion            ||     1
 Stab: Invisible         ||     1
Armor: Scale mail        ||    39
Dodge: Dodged            ||    23
Block: Shield            ||    47

Table legend:
 A = Spawn XP
 B = Non-spawn XP
 C = Spawn XP percentage of total XP
 D = Spawn monster count
 E = Non-spawn monster count
 F = Spawn count percentage of total count
 G = Total turns spent on level
                    A         B        C        D         E        F      G
               +---------+---------+-------+---------+---------+-------+---------
         Total |       0 |      49 |   0.0 |       0 |      19 |   0.0 |   492
               +---------+---------+-------+---------+---------+-------+---------
           D:1 |       0 |      22 |   0.0 |       0 |      10 |   0.0 |   340
           D:3 |       0 |      27 |   0.0 |       0 |       9 |   0.0 |   121
               +---------+---------+-------+---------+---------+-------+---------
